Map: TL guide proxy reaper 2 base

Players

Nickos

  • Race: Terran Terran
  • League: Gold

Player 2

  • Race: Protoss Protoss

VOD

Have the link to the VOD?

Description

Time

  • Played on: Sept. 3, 2016, 6:47 a.m.
  • Length: 6:08
Show
View Real Time Build Order
Export as new Build Order

Nickos Terran 

Build Orders:  

Get SALT Encoding   

  12  0:00  Orbital Command, SCV x12  
  12  0:06  SCV  
  14  0:29  SCV  
  14  0:36  Supply Depot  
  14  0:41  SCV  
  16  1:11  SCV  
  16  1:12  Barracks  
  16  1:22  Refinery  
  17  1:30  SCV  
  17  1:33  Refinery  
  17  1:42  SCV  
  18  1:57  SCV  
  20  2:15  Reaper  
  20  2:17  Orbital Command  
  20  2:25  Factory  
  21  3:01  Reaper  
  21  3:10  Supply Depot  
  22  3:16  SCV  
  22  3:36  Factory Tech Lab  
  22  3:40  SCV  
  22  3:54  Starport  
  22  3:57  SCV  
  23  4:09  SCV  
  23  4:27  Barracks  
  23  4:34  SCV  
  24  4:41  Command Center  
  24  4:44  Liberator  
  24  5:06  SCV  
  28  5:18  SCV  
  29  5:37  SCV  
  30  5:49  SCV  
  31  5:52  Supply Depot  
  31  5:55  Supply Depot  
Show
View Real Time Build Order
Export as new Build Order

Player 2 Protoss 

Build Orders:  

Get SALT Encoding   

  12  0:00  Probe x12 (Chrono Boost)  
  12  0:04  Unknown  
  13  0:07  Probe (Chrono Boost)  
  14  0:24  Probe (Chrono Boost)  
  14  0:32  Pylon  
  14  0:34  Probe (Chrono Boost)  
  15  0:56  Probe (Chrono Boost)  
  17  1:20  Probe (Chrono Boost)  
  17  1:31  Probe (Chrono Boost)  
  18  1:34  Nexus  
  18  1:44  Gateway  
  18  1:48  Assimilator  
  18  1:57  Pylon  
  18  2:26  Gateway  
  18  2:29  Assimilator  
  18  2:37  Cybernetics Core  
  20  2:44  Zealot  
  22  3:15  Zealot  
  22  3:31  Warp Gate  
  22  3:32  Adept  
  24  3:48  Adept  
  27  4:12  Probe (Chrono Boost)  
  27  4:13  Adept  
  28  4:17  Probe (Chrono Boost)  
  28  4:30  Stalker  
  31  4:32  Probe (Chrono Boost)  
  31  4:38  Probe (Chrono Boost)  
  32  4:41  Adept  
  34  4:49  Pylon  
  34  4:51  Probe (Chrono Boost)  
  35  4:55  Probe (Chrono Boost)  
  35  4:58  Adept  
  36  5:03  Probe (Chrono Boost)  
  40  5:07  Probe (Chrono Boost)  
  40  5:14  Adept  
  40  5:15  Forge  
  42  5:36  Adept  
Tags
 
Add a new tag
Caveats
  • Supply blocks, unpowered buildings, or Contaminate may cause inaccurate times.
  • Supply counts are checked every 10 seconds.